 Dungeon Crawl Stone Soup version 0.30-a0-585-g93115170b9 (webtiles) character file.

Game seed: 13462375147339992601

385 bande the Covered (level 6, -3/38 HPs)
             Began as a Gargoyle Fighter on Jan 3, 2023.
             Slain by an orc
             ... wielding a +0 trident
              (6 damage)
             ... on level 3 of the Dungeon.
             The game lasted 00:03:34 (2909 turns).

bande the Covered (Gargoyle Fighter)                Turns: 2909, Time: 00:03:35

Health: -3/38      AC: 14    Str: 19    XL:     6   Next: 77%
Magic:  6/6        EV:  7    Int:  9    God:
Gold:   95         SH:  4    Dex: 11    Spells: 5/5 levels left

rFire   . . .      SeeInvis .    a - +0 war axe
rCold   . . .      Faith    .    c - +0 buckler
rNeg    + . .      Spirit   .    q - +0 chain mail
rPois   ∞          Reflect  .    (no helmet)
rElec   +          Harm     .    (no cloak)
rCorr   .          Rampage  .    (no gloves)
Will    .....                    (no boots) Stlth
                                 (no amulet)
HPRegen 0.26/turn                (no ring)
MPRegen 0.10/turn                (no ring)

@: no status effects
A: sickness immunity, AC +4, negative energy resistance 1, electricity
resistance, torment resistance 1, petrification resistance
a: no special abilities


You were on level 3 of the Dungeon.
You visited 1 branch of the dungeon, and saw 3 of its levels.

You collected 95 gold pieces.

Inventory:

Hand Weapons
 a - a +0 war axe (weapon)
 f - a +2 mace of venom
Armour
 c - a +0 buckler (worn)
 q - a +0 chain mail (worn)
Wands
 o - a wand of flame (27)
Scrolls
 e - 2 scrolls of immolation {unknown}
 h - 5 scrolls of fog {unknown}
 i - 7 scrolls of identify {unknown}
 k - a scroll of amnesia {unknown}
 m - 2 scrolls of noise {unknown}
 p - 2 scrolls of teleportation {unknown}
 s - 2 scrolls of blinking {unknown}
Potions
 b - a potion of lignification {unknown}
 d - a potion of might
 g - a potion of degeneration {unknown}
 j - 3 potions of curing {unknown}
 l - a potion of invisibility {unknown}
 n - a potion of heal wounds {unknown}
 r - a potion of berserk rage {unknown}
 t - a potion of haste


   Skills:
 + Level 4.2 Fighting
 + Level 4.4 Axes
 + Level 4.7 Armour
 - Level 0.2 Stealth
 + Level 3.9 Shields
 * Level 1.4 Evocations


You had 5 spell levels left.
You didn't know any spells.
Your spell library contained the following spells:

 Spells                   Type           Power      Damage    Failure   Level
 Freeze                   Ice            0%         1d3       99%         1
 Frozen Ramparts          Ice            0%         1d1       100%        3
 Hailstorm                Conj/Ice       0%         3d3       100%        3
 Ozocubu's Armour         Ice            0%         N/A       100%        3
 Metabolic Englaciation   Hex/Ice        0%         N/A       100%        5
 Simulacrum               Ice/Necr       0%         N/A       100%        6


Dungeon Overview and Level Annotations

Branches:
Dungeon (3/15)

Altars:

Annotations:
D:3 Ijyb


Innate Abilities, Weirdness & Mutations

You are immune to sickness and miasma.
Your stone body is resilient. (AC +4)
You are immune to poison.
You resist negative energy. (rN+)
You are resistant to electric shocks. (rElec)
You are resistant to unholy torment.
You are immune to petrification.


Message History

a +0 short sword; 2 stones; a worm corpse
There is an open door here.
You open the door.
Ijyb the Twisted Goblin comes into view.
She is wielding a +0 club and carrying a wand of quicksilver (3).
Ijyb shouts!
You hear a shout! x3
An orc comes into view. It is wielding a +0 trident.
The orc shouts!
There are monsters nearby!
There are monsters nearby!
A hobgoblin comes into view.
The hobgoblin shouts!
Ijyb zaps a wand.
The bolt of dispelling energy hits you!
An orc comes into view. It is wielding a +0 hand axe.
You hear a shout!
There is an open door here. 2 orcs come into view.
The orc shouts! x2
You block Ijyb's attack. The orc hits you with a +0 trident!
You are too injured to fight recklessly!
You are too injured to fight recklessly!
You are too injured to fight recklessly!
You are too injured to fight recklessly!
You are too injured to fight recklessly!
You are too injured to fight recklessly!
You are too injured to fight recklessly!
You are too injured to fight recklessly!
You are too injured to fight recklessly!
Unknown command.
You closely miss Ijyb. You hit the orc. You block Ijyb's attack.
The orc hits you but does no damage.
Ijyb zaps a wand.
The bolt of dispelling energy hits you!
* * * LOW HITPOINT WARNING * * *
You hit Ijyb but do no damage. You hit the orc.
Ijyb grins evilly.
Ijyb barely misses you. You block the orc's attack.
You slash Ijyb!
Ijyb is moderately wounded.
You barely miss the orc. Ijyb hits you but does no damage.
The orc hits you from afar with a +0 trident.
You die...

##...##.##.###
##....†......
#.######.##. #.# #..#.
##'## ##.#.. ####
##...####.###.
..###.....##.## ## .#.
#g##.......##.###.
.....#@#.........##.#..
.....oo.'..<......+.....
.....o#.#.........###..(
.##...#.##.......## #.#.
##. #.###.÷...## #... ..
..# ##...## ###. .. ###
##'## #. ### ##.#######
## #........#


You could see Ijyb and 3 orcs.

Vanquished Creatures
  Grinder (D:3)
  Jessica (D:3)
  Natasha (thrice) (D:2)
  3 adders
  A gnoll (D:1)
  A worm (D:3)
  A dart slug (D:3)
  An orc (D:3)
  6 ball pythons
  3 bats
  3 endoplasms
  3 giant cockroaches (D:1)
  7 goblins
  4 hobgoblins
  4 jackals (D:2)
  3 kobolds
  3 quokkas
  4 frilled lizards
  2 rats
54 creatures vanquished.

Vanquished Creatures (others)
  4 fungi (D:2)
  6 plants (D:2)
10 creatures vanquished.

Grand Total: 64 creatures vanquished

Notes
Turn   | Place    | Note
-------+----------+-------------------------------------------
     0 | D:1      | bande the Gargoyle Fighter began the quest for the Orb.
     0 | D:1      | Reached XP level 1. HP: 14/14 MP: 1/1
   149 | D:1      | Reached XP level 2. HP: 19/19 MP: 2/2
   263 | D:1      | Reached XP level 3. HP: 23/23 MP: 3/3
   768 | D:2      | Noticed Natasha
   775 | D:2      | Killed Natasha
   776 | D:2      | Reached XP level 4. HP: 29/29 MP: 4/4
   932 | D:2      | Noticed Natasha
   936 | D:2      | Killed Natasha
  1285 | D:2      | Found a faded altar of an unknown god.
  1549 | D:2      | Noticed Natasha
  1561 | D:2      | Killed Natasha
  1562 | D:2      | Reached XP level 5. HP: 25/33 MP: 5/5
  1863 | D:3      | Noticed Grinder
  1890 | D:3      | Paralysed by Grinder for 2 turns
  1892 | D:3      | Killed Grinder
  1893 | D:3      | Reached skill level 1 in Evocations
  1893 | D:3      | Reached XP level 6. HP: 8/38 MP: 6/6
  2423 | D:3      | Noticed Jessica
  2429 | D:3      | Killed Jessica
  2904 | D:3      | Noticed Ijyb
  2909 | D:3      | Slain by an orc

Illustrated notes

Levels and vault maps discovered:
D:1:      eino_arrival_druids_welcome, layout_loops_cross,
          chequers_serial_rivers_large_a
D:2:      layout_basic, shapermc_ecumenical_altar_mp_urbaneastern, uniq_natasha
D:3:      layout_loops_corners, kennysheep_jessica_study, uniq_ijyb,
          uniq_grinder, uniq_robin

Skill      XL: |  1  2  3  4  5 |
---------------+----------------+-----
Axes           | 2 3 4 |  4.4
Armour         | 4 |  4.7
Fighting       | 4 |  4.2
Evocations     | 1 |  1.4
Stealth        | |  0.2
Shields        | |  3.9

Action                   |  1- 3 |  4- 6 || total
-------------------------+-------+-------++-------
Melee: War axe           |    69 |   117 ||   186
  Use: Potion            |       |     1 ||     1
Armor: Scale mail        |    35 |    35 ||    70
       Chain mail        |       |    23 ||    23
Dodge: Dodged            |    39 |    52 ||    91
Block: Buckler           |    19 |    33 ||    52

Table legend: (Time is in decaauts)
 A = Elapsed time spent in this place.
 B = Non-inter-level travel time spent in this place.
 C = Inter-level travel time spent in this place.
 D = Time resting spent in this place.
 E = Time spent auto-exploring this place.
 F = Levels seen in this place.
 G = Mean time per level.
                   A        B        C        D        E       F      G
               +--------+--------+--------+--------+--------+-----+--------+
         Total |   3003 |   2662 |    341 |    316 |   1682 |   3 | 1001.0 |
       Dungeon |   3003 |   2662 |    341 |    316 |   1682 |   3 | 1001.0 |
               +--------+--------+--------+--------+--------+-----+--------+

Top non-repeatable levels by time:
     D:2: 1354 daAuts
     D:3: 948 daAuts
     D:1: 700 daAuts
